 Dungeon Crawl Stone Soup version 0.16.1-51-g6203257 (webtiles) character file.

51 poirepourri the Insei (level 3, -3/25 HPs)
             Began as an Octopode Transmuter on Aug 10, 2015.
             Slain by Terence
             ... wielding a +0 hand axe
              (6 damage)
             ... on level 2 of the Dungeon.
             The game lasted 00:05:54 (2152 turns).

poirepourri the Insei (Octopode Transmuter)         Turns: 2152, Time: 00:05:55

Health: -3/25      AC:  2    Str: 10    XL:     3   Next: 83%
Magic:  5/6        EV: 11    Int: 18    God:
Gold:   100        SH:  3    Dex: 12    Spells: 3 memorised, 0 levels left

rFire  + . .     SeeInvis .       - Unarmed
rCold  . . .     Clarity  .     g - +0 buckler
rNeg   . . .     SustAb   .     (helmet restricted)
rPois  .         Gourm    .     (no amulet)
rElec  .         Spirit   .     l - ring of stealth
rCorr  .         Warding  .     j - ring of protection from fire
rMut   .         Stasis   .     (no ring)
MR     .....                    (no ring)
Stlth  ++++......               (no ring)
                                (no ring)
                                (no ring)
                                (no ring)

@: brilliant, appendage, not resistant to hostile enchantments, stealthy
A: almost no armour, amphibious, 8 rings, constrict 8, tentacle spike 3,
camouflage 1, dopey 1, robust 1, shaggy fur 1, gelatinous body 1
a: End Transformation


You were on level 2 of the Dungeon.
You were not hungry.
One of your tentacles had a temporary spike.
You visited 1 branch of the dungeon, and saw 2 of its levels.

You collected 100 gold pieces.

Inventory:

Missiles
 b - 12 arrows
Armour
 g - a +0 buckler (worn)
Jewellery
 j - a ring of protection from fire (right tentacle)
 l - a ring of stealth (left tentacle)
Scrolls
 e - 5 scrolls of identify
Potions
 h - a potion of brilliance
Books
 d - a book of Changes

   Spells                             Type                      Level
   a - Beastly Appendage              Transmutation                1
   b - Sticks to Snakes               Transmutation                2
   c - Spider Form                    Transmutation/Poison         3
   d - Ice Form                       Ice/Transmutation            4
   e - Blade Hands                    Transmutation                5
 f - a book of Conjurations

   Spells                             Type                      Level
   a - Magic Dart                     Conjuration                  1
   b - Searing Ray                    Conjuration                  2
   c - Dazzling Spray                 Conjuration/Hexes            3
   d - Fulminant Prism                Conjuration/Hexes            4
   e - Iskenderun's Mystic Blast      Conjuration                  4
   f - Iskenderun's Battlesphere      Conjuration/Charms           5
Comestibles
 a - a bread ration
 i - 2 meat rations


   Skills:
 + Level 1.3 Fighting
 + Level 2.2 Dodging
 + Level 1.3 Stealth
 + Level 3.8 Unarmed Combat
 * Level 2.3 Spellcasting
 + Level 2.1 Transmutations


You couldn't memorise any spells.
You knew the following spells:

 Your Spells              Type           Power        Failure   Level  Hunger
a - Beastly Appendage     Trmt           ###...       1%          1    #......
b - Sticks to Snakes      Trmt           ###.......   2%          2    ##.....
c - Spider Form           Trmt/Pois      ###.......   10%         3    ###....


Dungeon Overview and Level Annotations

Branches:
Dungeon (2/15)

Altars:
Nemelex Xobeh

Annotations:
D:2 Terence


Innate Abilities, Weirdness & Mutations

You cannot wear most types of armour.
You are amphibious.
You can wear up to eight rings at the same time.
You can use your tentacles to constrict many enemies at once.
Your skin changes colour to match your surroundings (Stealth).
Your rubbery body absorbs attacks (AC +1).
One of your tentacles bears a large vicious spike.
You are dopey. (Int -2)
You are robust (+10% HP).
You are covered in fur (AC +1).


Message History

It was a potion of brilliance.
You feel clever all of a sudden.
You tentacle-slap something. Something hits you but does no damage.
You tentacle-slap something. Something hits you.
You tentacle-slap something but do no damage.
Something hits you but does no damage.
Sorry, you're not good enough to have a special ability.
Casting: Spider Form
Confirm with . or Enter, or press ? or * to list all spells.
Your tentacles feel slithery!
You tentacle-slap something but do no damage.
Something hits you.
You barely miss something. Something hits you.
* * * LOW HITPOINT WARNING * * *
Sorry, you're not good enough to have a special ability.
Casting: Sticks to Snakes
Confirm with . or Enter, or press ? or * to list all spells.
One of your tentacles grows a vicious spike.
Something hits you.
You die...

#..# ###*****,* .###
#..,,,,,,* #########
#.#******* ........#
#.#
.#....>.####.#########
.#...................#
.....................#
#..........†.........#
##....†.####....@....#
.##..#### #.........#
..##.# **#.......<.#
.^.#.# #...(....>###
'^##.# #.........#
###..# #.........#
.....# #.........#
..<..# *,<.......#
.....# *,,,,,...,*


There were no monsters in sight!

Vanquished Creatures
  2 worms (D:2)
  A giant gecko (D:1)
  6 bats
  13 goblins
  3 hobgoblins
  A quokka (D:2)
  A ball python (D:2)
  A giant cockroach (D:2)
  5 giant newts (D:1)
  3 kobolds
  3 rats
39 creatures vanquished.

Notes
Turn   | Place    | Note
--------------------------------------------------------------
     0 | D:1      | poirepourri, the Octopode Transmuter, began the quest for the Orb.
     0 | D:1      | Reached XP level 1. HP: 13/13 MP: 3/3
    59 | D:1      | Gained mutation: You are covered in fur (AC +1). [potion of mutation]
    59 | D:1      | Gained mutation: You are robust (+10% HP). [potion of mutation]
    59 | D:1      | Gained mutation: You are dopey. (Int -2) [potion of mutation]
   268 | D:1      | Reached XP level 2. HP: 17/19 MP: 2/4
  1033 | D:2      | Reached XP level 3. HP: 2/25 MP: 3/6
  1452 | D:2      | Found a sparkling altar of Nemelex Xobeh.
  1677 | D:2      | Learned a level 2 spell: Sticks to Snakes
  1681 | D:2      | Learned a level 3 spell: Spider Form
  1957 | D:2      | Reached skill level 1 in Stealth
  2134 | D:2      | Noticed Terence
  2152 | D:2      | Slain by Terence

Action                   || total
-------------------------++-------
Melee: Unarmed           ||    93
 Cast: Beastly Appendage ||     4
  Use: Scroll            ||     5
       Potion            ||     5
 Stab: Sleeping          ||     2
  Eat: Bread ration      ||     1
